 Dungeon Crawl Stone Soup version 0.28-a0-239-g68911e0c57 (webtiles) character file.

Game seed: 17985232306847744783

8582 Colgate the Cleaver (level 11, -4/97 HPs)
             Began as a Minotaur Berserker on Aug 23, 2021.
             Was a High Priest of Trog.
             Slain by a vampire (6 damage)
             ... on level 8 of the Dungeon.
             The game lasted 00:04:10 (10759 turns).

Colgate the Cleaver (Minotaur Berserker)           Turns: 10759, Time: 00:04:10

Health: -4/97      AC: 16    Str: 26    XL:     11   Next: 11%
Magic:  0/10       EV:  5    Int:  4    God:    Trog [*****.]
Gold:   400        SH: 14    Dex:  9    Spells: 10/10 levels left

rFire   . . .      SeeInvis .   Y - +0 hand axe (flame)
rCold   . . .      Faith    .   m - +0 tower shield
rNeg    . . .      Spirit   +   b - +0 plate armour
rPois   .          Reflect  .   (helmet restricted)
rElec   .          Harm     .   f - +0 cloak
rCorr   .          Rampage  .   e - +0 pair of gloves
Will    .....                   (no boots)
Stlth   ..........              a - amulet of guardian spirit
HPRegen 0.26/turn               (no ring)
MPRegen 0.12/turn               (no ring)

@: no status effects
A: horns 2, retaliatory headbutt
a: Renounce Religion, Berserk, Trog's Hand, Brothers in Arms


You were on level 8 of the Dungeon.
You worshipped Trog.
Trog was extremely pleased with you.
You visited 1 branch of the dungeon, and saw 9 of its levels.

You collected 400 gold pieces.


Innate Abilities, Weirdness & Mutations

You have a pair of horns on your head.
You reflexively headbutt those who attack you in melee.


   Skills:
 - Level 9.2 Fighting
 - Level 14.0 Axes
 - Level 8.0 Armour
 + Level 2.1 Dodging
 - Level 9.8 Shields


You had 10 spell levels left.
You didn't know any spells.
Your spell library was empty.

Inventory:

Hand Weapons
 Y - a +0 hand axe of flaming (weapon)
Missiles
 i - 5 javelins
Armour
 b - a +0 plate armour (worn)
 e - a +0 pair of gloves (worn)
 f - a +0 cloak (worn)
 m - a +0 tower shield (worn)
Jewellery
 a - an amulet of guardian spirit (around neck)
Wands
 o - a wand of acid (9)
Scrolls
 c - 3 scrolls of teleportation
 g - 2 scrolls of identify
Potions
 d - a potion of cancellation
 h - a potion of might
 k - a potion of haste

Dungeon Overview and Level Annotations

Branches:
Dungeon (9/15)             Temple (0/1) D:7
   Lair: D:8-11         Orc: D:9-12

Altars:
Cheibriados
Dithmenos
Fedhas
Makhleb
Nemelex Xobeh
Ru
Sif Muna
Trog
Vehumet
Yredelemnul
Zin


Message History

Something draws strength from your injuries!
You're too confused to attack without stumbling around!
Something completely misses you. Something bites you!
Something draws strength from your injuries!
You're too confused to attack without stumbling around!
Something hits you but does no damage. Something bites you.
Something draws strength from your injuries!
You're too confused to attack without stumbling around!
Something hits you but does no damage. Something bites you but does no damage.
You're too confused to attack without stumbling around!
You feel less confused. Something hits you but does no damage.
Something bites you.
Something draws strength from your injuries!
You hit something. You burn something. Your headbutt misses something.
Something hits you. You block something's attack.
You hit something. You burn something. Something hits you! Something bites you!
Something draws strength from your injuries!
You miss something. Something hits you. Something bites you.
Something draws strength from your injuries!
You hit something. You burn something. Your headbutt misses something.
You block something's attack. Something bites you!
Something draws strength from your injuries!
Your shield and plate armour prevent you from hitting something.
You miss something.
You hear some strange, mumbled words.
Something tries to affect you, but you resist.
You closely miss something. You headbutt something.
You block something's attack. Something bites you but does no damage.
You closely miss something. You headbutt something. Something hits you.
Something bites you but does no damage.
You closely miss something. You headbutt something.
Something hits you but does no damage. Something bites you but does no damage.
You hit something but do no damage. Your headbutt misses something.
Something hits you but does no damage. Something bites you!
Something draws strength from your injuries!
You hit something. You burn something. You headbutt something.
Something hits you!
You die...

#....#...#........#
#....#.#.#........#
'....#...#........#
#....#.#.#........#
######...#.)......#########
####.#.#.#########........#
.....#...#.......#........#
.....#.###.......'........#
.........#......@#<.......#
####.....##....{.#........#
.####'#####......##########
..#......#88P....##......#
..#......#.P.P...##......#
..#......#.8.............#
..#......'...............#
.##########......##......#
.####....##......##......#


There were no monsters in sight!

Vanquished Creatures
  Harold (D:7)
  A hydra (D:7)
  A skeletal warrior (D:8)
  An ugly thing (D:8)
  A gargoyle (D:8)
  A wraith (D:7)
  11 yaks
  A steam dragon (D:6)
  2 water moccasins
  An orc warrior (D:6)
  2 black bears (D:7)
  A hornet zombie (D:6)
  5 necrophages
  An ice beast (D:7)
  3 ogres
  2 centaurs
  2 phantoms (D:5)
  A kobold brigand (D:8)
  A gnoll sergeant (D:8)
  2 elf skeletons (D:7)
  2 scorpions (D:6)
  An elf zombie (D:7)
  2 bullfrogs
  6 killer bees (D:7)
  A water moccasin skeleton (D:5)
  A wight (D:8)
  4 electric eels (D:7)
  5 howler monkeys
  2 hounds
  3 jellies
  4 gnoll shamans
  3 orc priests
  A bullfrog skeleton (D:6)
  2 human skeletons (D:7)
  Jessica (D:2)
  2 iguanas (D:5)
  9 orc wizards
  A killer bee zombie (D:8)
  A hound skeleton (D:4)
  2 howler monkey zombies
  9 adders
  22 gnolls
  A howler monkey skeleton (D:7)
  A white imp (D:7)
  A dart slug (D:5)
  34 orcs
  4 ball pythons
  5 bats
  8 endoplasms
  6 giant cockroaches
  5 goblins
  2 hobgoblins (D:2)
  3 quokkas (D:2)
  2 frilled lizards
  10 kobolds
  An orc skeleton (D:7)
  A rat (D:3)
209 creatures vanquished.

Vanquished Creatures (collateral kills)
  2 orc wizards (D:8)
  An orc (D:8)
3 creatures vanquished.

Vanquished Creatures (others)
  39 plants (D:7)
  A withered plant (D:8)
40 creatures vanquished.

Grand Total: 252 creatures vanquished

Notes
Turn   | Place    | Note
-------+----------+-------------------------------------------
     0 | D:1      | Colgate the Minotaur Berserker began the quest for the Orb.
     0 | D:1      | Reached XP level 1. HP: 19/19 MP: 0/0
     0 | D:1      | 0 ||| counter = 40
    76 | D:1      | 76 ||| INVOKING Berserk.
    79 | D:1      | Reached skill level 4 in Axes
    79 | D:1      | Reached XP level 2. HP: 26/26 MP: 1/1
  1074 | D:1      | 1074 ||| UPGRADING to +1 ring mail of poison resistance.
  1084 | D:1      | 1084 ||| DROPPING +0 animal skin.
  1085 | D:1      | 1085 ||| UPGRADING to +0 cloak.
  1090 | D:1      | 1090 ||| DROPPING +3 leather armour.
  1091 | D:1      | 1091 ||| READING scroll labelled BUXTEA HANO.
  1092 | D:1      | 1092 ||| READING 2 scrolls labelled ATYTTU JISOMP.
  1093 | D:1      | 1093 ||| DROPPING scroll of vulnerability.
  1225 | D:2      | Reached skill level 5 in Axes
  1239 | D:2      | 1239 ||| Stepping ~*~*~tactically~*~*~ (water).
  1328 | D:2      | Reached XP level 3. HP: 31/31 MP: 2/2
  1368 | D:2      | 1368 ||| STAIRDANCE
  1406 | D:1      | 1406 ||| UPGRADING to amulet of guardian spirit.
  1411 | D:1      | 1411 ||| READING scroll labelled BOHOTSAAGGIODGH.
  1489 | D:2      | Noticed Jessica
  1497 | D:2      | Killed Jessica
  1498 | D:2      | Reached skill level 6 in Axes
  1498 | D:2      | Reached XP level 4. HP: 29/39 MP: 3/3
  1650 | D:2      | Found a sacrificial altar of Ru.
  1695 | D:2      | Reached ** piety under Trog
  1971 | D:2      | 1971 ||| DRINKING 2 metallic white potions.
  1972 | D:2      | 1972 ||| DRINKING 2 black potions.
  1973 | D:2      | 1973 ||| DROPPING potion of brilliance.
  2188 | D:3      | 2188 ||| INVOKING Berserk.
  2195 | D:3      | Reached skill level 7 in Axes
  2195 | D:3      | Reached XP level 5. HP: 45/45 MP: 4/4
  2231 | D:3      | 2231 ||| DROPPING +0 whip.
  2365 | D:3      | Found a glowing silver altar of Zin.
  3049 | D:4      | Reached skill level 8 in Axes
  3182 | D:4      | Reached XP level 6. HP: 42/52 MP: 5/5
  3403 | D:4      | 3403 ||| INVOKING Berserk.
  3459 | D:4      | Found a radiant altar of Vehumet.
  3515 | D:4      | Found a sparkling altar of Nemelex Xobeh.
  3642 | D:4      | 3642 ||| UPGRADING to +0 tower shield.
  3647 | D:4      | 3647 ||| READING scroll labelled AFOIKICKED.
  3648 | D:4      | 3648 ||| READING scroll labelled XEPTAP YKUHIYHOY.
  3649 | D:4      | 3649 ||| DROPPING +2 flail of protection.
  3650 | D:4      | 3650 ||| READING scroll labelled CATOJU GEAKI.
  3784 | D:4      | 3784 ||| DRINKING 2 murky red potions.
  3785 | D:4      | 3785 ||| READING 2 scrolls of identify.
  3785 | D:4      | 3785 ||| IDENTIFYING sedimented orange potion
  3786 | D:4      | 3786 ||| DROPPING potion of magic.
  3787 | D:4      | 3787 ||| DROPPING potion of flight.
  3805 | D:5      | Entered Level 5 of the Dungeon
  4072 | D:5      | 4072 ||| Stepping randomly (stuck).
  4073 | D:5      | 4073 ||| Stepping randomly (stuck).
  4074 | D:5      | 4074 ||| Stepping randomly (stuck).
  4075 | D:5      | 4075 ||| Stepping randomly (stuck).
  4076 | D:5      | 4076 ||| Stepping randomly (stuck).
  4077 | D:5      | 4077 ||| Stepping randomly (stuck).
  4078 | D:5      | 4078 ||| Stepping randomly (stuck).
  4079 | D:5      | 4079 ||| Stepping randomly (stuck).
  4081 | D:5      | 4081 ||| Stepping randomly (stuck).
  4082 | D:5      | 4082 ||| Stepping randomly (stuck).
  4083 | D:5      | 4083 ||| Stepping randomly (stuck).
  4084 | D:5      | 4084 ||| Stepping randomly (stuck).
  4085 | D:5      | 4085 ||| Stepping randomly (stuck).
  4098 | D:5      | Reached skill level 3 in Shields
  4098 | D:5      | Reached XP level 7. HP: 59/59 MP: 6/6
  4167 | D:5      | 4167 ||| INVOKING Berserk.
  4170 | D:5      | Reached *** piety under Trog
  4248 | D:5      | Reached skill level 9 in Axes
  4278 | D:5      | 4278 ||| INVOKING Berserk.
  4340 | D:5      | 4340 ||| INVOKING Berserk.
  4482 | D:5      | 4482 ||| INVOKING Berserk.
  5015 | D:5      | Reached XP level 8. HP: 47/68 MP: 4/7
  5289 | D:5      | 5289 ||| DROPPING +0 scale mail.
  5290 | D:5      | 5290 ||| UPGRADING to +0 chain mail.
  5300 | D:5      | 5300 ||| DROPPING +1 ring mail of poison resistance.
  5301 | D:5      | 5301 ||| READING scroll labelled PEUPAMPIQE.
  5305 | D:5      | 5305 ||| DRINKING 2 green potions.
  5355 | D:6      | Reached skill level 3 in Armour
  5397 | D:6      | Reached skill level 10 in Axes
  5431 | D:6      | Reached skill level 6 in Fighting
  5602 | D:6      | 5602 ||| INVOKING Berserk.
  5608 | D:6      | Reached skill level 6 in Shields
  5666 | D:6      | 5666 ||| INVOKING Berserk.
  5716 | D:6      | Found a bloodstained altar of Trog.
  5884 | D:6      | 5884 ||| Stepping ~*~*~tactically~*~*~ (cloud).
  6116 | D:6      | Reached skill level 11 in Axes
  6222 | D:6      | Found a burning altar of Makhleb.
  6228 | D:6      | Found a shadowy altar of Dithmenos.
  6233 | D:6      | Found a blossoming altar of Fedhas.
  6668 | D:6      | 6668 ||| UPGRADING to +0 plate armour.
  6678 | D:6      | 6678 ||| DROPPING +0 chain mail.
  6679 | D:6      | 6679 ||| READING scroll labelled EGO ARAABROPAGH.
  6680 | D:6      | 6680 ||| DRINKING 2 metallic golden potions.
  6707 | D:6      | 6707 ||| DRINKING 2 coppery potions.
  6708 | D:6      | 6708 ||| READING 3 scrolls of identify.
  6708 | D:6      | 6708 ||| IDENTIFYING purple potion
  6709 | D:6      | 6709 ||| READING 2 scrolls of identify.
  6709 | D:6      | 6709 ||| IDENTIFYING puce potion
  6710 | D:6      | 6710 ||| DROPPING potion of lignification.
  6711 | D:6      | 6711 ||| DROPPING potion of degeneration.
  6761 | D:7      | 6761 ||| INVOKING Berserk.
  6768 | D:7      | 6768 ||| STAIRDANCE
  6824 | D:7      | Reached XP level 9. HP: 64/77 MP: 4/8
  6875 | D:7      | Found a staircase to the Ecumenical Temple.
  6879 | D:7      | Noticed Harold
  6886 | D:7      | 6886 ||| INVOKING Berserk.
  6890 | D:7      | Killed Harold
  6891 | D:7      | Reached skill level 9 in Fighting
  6903 | D:7      | Reached **** piety under Trog
  6931 | D:7      | HP: 20/83 [black bear (4)]
  6932 | D:7      | 6932 ||| DRINKING potion of heal wounds.
  6951 | D:7      | 6951 ||| INVOKING Berserk.
  6953 | D:7      | 6953 ||| STAIRDANCE
  7303 | D:7      | Noticed a five-headed hydra
  7309 | D:7      | 7309 ||| INVOKING Berserk.
  7314 | D:7      | Reached skill level 6 in Armour
  7315 | D:7      | Killed a one-headed hydra
  7316 | D:7      | Reached skill level 12 in Axes
  7316 | D:7      | Reached XP level 10. HP: 91/91 MP: 7/9
  7573 | D:7      | 7573 ||| INVOKING Berserk.
  7877 | D:7      | 7877 ||| INVOKING Berserk.
  8043 | D:7      | 8043 ||| INVOKING Berserk.
  8387 | D:7      | 8387 ||| READING scroll labelled VIROTHREXKO.
  8429 | D:8      | 8429 ||| STAIRDANCE
  8439 | D:8      | 8439 ||| STAIRDANCE
  8449 | D:7      | 8449 ||| INVOKING Berserk.
  8667 | D:8      | 8667 ||| STAIRDANCE
  8674 | D:8      | 8674 ||| STAIRDANCE
  8736 | D:8      | 8736 ||| STAIRDANCE
  8756 | D:8      | 8756 ||| STAIRDANCE
  8830 | D:8      | 8830 ||| INVOKING Berserk.
  8830 | D:8      | HP: 30/136 [yak (6)]
  8832 | D:8      | Reached skill level 13 in Axes
  8855 | D:8      | HP: 16/91 [howler monkey (4)]
  8861 | D:8      | HP: 7/91 [howler monkey (2)]
  8871 | D:8      | 8871 ||| STAIRDANCE
  9493 | D:8      | Noticed a skeletal warrior
  9494 | D:8      | 9494 ||| INVOKING Berserk.
  9501 | D:8      | Killed a skeletal warrior
  9502 | D:8      | Reached skill level 9 in Shields
  9538 | D:8      | Noticed a gargoyle
  9542 | D:8      | Reached ***** piety under Trog
  9550 | D:8      | 9550 ||| INVOKING Berserk.
  9552 | D:8      | Killed a gargoyle
  9567 | D:8      | 9567 ||| INVOKING Brothers in Arms.
  9570 | D:8      | HP: 22/91 [gnoll (4)]
  9572 | D:8      | 9572 ||| DRINKING potion of curing.
  9572 | D:8      | 9572 ||| (to cure confusion)
  9576 | D:8      | HP: 21/91 [gnoll (3)]
 10121 | D:8      | Found a snail-covered altar of Cheibriados.
 10121 | D:8      | Found a faded altar of an unknown god.
 10128 | D:8      | Found a faded altar of an unknown god.
 10130 | D:8      | Found a basalt altar of Yredelemnul.
 10132 | D:8      | Found a shimmering blue altar of Sif Muna.
 10177 | D:8      | Reached XP level 11. HP: 89/97 MP: 8/10
 10183 | D:8      | 10183 ||| STAIRDANCE
 10189 | D:7      | Reached skill level 14 in Axes
 10229 | D:7      | 10229 ||| UPGRADING to +0 pair of gloves.
 10234 | D:7      | 10234 ||| READING 3 scrolls of identify.
 10234 | D:7      | 10234 ||| IDENTIFYING fuming brown potion
 10248 | D:8      | 10248 ||| STAIRDANCE
 10384 | D:8      | Noticed a red ugly thing
 10407 | D:8      | 10407 ||| INVOKING Berserk.
 10412 | D:8      | Killed a red ugly thing
 10413 | D:8      | 10413 ||| STAIRDANCE
 10721 | D:9      | 10721 ||| STAIRDANCE
 10723 | D:9      | 10723 ||| STAIRDANCE
 10732 | D:9      | 10732 ||| STAIRDANCE
 10750 | D:8      | HP: 23/97 [something (8)]
 10756 | D:8      | HP: 11/97 [something (4)]
 10758 | D:8      | HP: 2/97 [something (9)]
 10759 | D:8      | Slain by a vampire

Levels and vault maps discovered:
D:1:      matt_arrival_grand_opening, layout_basic,
          amcnicky_mini_rare_corridor_liquid
D:2:      wander_river, layout_loops_ring, basic_altar, kennysheep_jessica_study
D:3:      layout_basic, mainiacjoe_overflow_brackets, guppyfry_early_lair_pool
D:4:      layout_loops_cross, nemelex_dance_club_becter, amcnicky_altar_gilded,
          kennysheep_boxes
D:5:      layout_basic, roderic_serpentine_path, hangedman_glass_teeth
D:6:      layout_basic, mainiacjoe_overflow_surrounded_room,
          minmay_overflow_temple_star_quad
D:7:      layout_cave_pools, minmay_temple_entry_sparse_star,
          nicolae_ossuary_entry_catacombs, serial_bayou, serial_bayou_shore_a,
          serial_bayou_lagoon_a, serial_bayou_lake_a, serial_bayou_pond_c,
          serial_bayou_crossing, uniq_harold
D:8:      layout_gridville, chequers_temple_overflow_minitemple, serial_undead,
          serial_undead_a, serial_undead_e, serial_undead_c, serial_undead_a,
          serial_undead_b, serial_undead_e, hangedman_minor_gate_pass
D:9:      minmay_sliced_demisemicircle, layout_gridville,
          due_lair_maze_entry_diamond, serial_shops, nicolae_shop_trees

Skill      XL: |  1  2  3  4  5  6  7  8  9 10 11 |
---------------+----------------------------------+-----
Axes           | 4 5 6 7 8 9 11 12 13 14 | 14.0
Fighting       | 4 5 6 9 |  9.2
Shields        | 3 5 6 7 9 |  9.8
Armour         | 5 6 7 8 |  8.0
Dodging        | |  2.1

Action                   |  1- 3 |  4- 6 |  7- 9 | 10-12 || total
-------------------------+-------+-------+-------+-------++-------
Melee: Hand axe          |    49 |   140 |   194 |   270 ||   653
       Headbutt          |     7 |    14 |    49 |    69 ||   139
Invok: Berserk           |     1 |     2 |    10 |     8 ||    21
       Brothers in Arms  |       |       |       |     1 ||     1
  Use: Scroll            |     3 |     4 |     4 |     2 ||    13
       Potion            |       |     3 |     4 |     1 ||     8
Armor: Ring mail         |    12 |    40 |    10 |       ||    62
       Animal skin       |     4 |       |       |       ||     4
       Chain mail        |       |       |    31 |       ||    31
       Plate armour      |       |       |    34 |   181 ||   215
Dodge: Dodged            |    30 |    52 |    25 |    43 ||   150
Block: Tower shield      |       |    11 |   121 |   219 ||   351

Table legend:
 A = Non-vault XP
 B = Vault XP
 C = Vault XP percentage of total XP
 D = Non-vault monster count
 E = Vault monster count
 F = Vault count percentage of total count
                 A         B        C        D         E       F
            +---------+---------+-------+---------+---------+-------
      Total |    8208 |    4053 |  33.1 |     186 |      26 |  12.3
            +---------+---------+-------+---------+---------+-------
        D:1 |      29 |       0 |   0.0 |       9 |       0 |   0.0
        D:2 |      97 |      39 |  28.7 |      18 |       2 |  10.0
        D:3 |      78 |       0 |   0.0 |      17 |       0 |   0.0
        D:4 |     270 |       5 |   1.8 |      15 |       2 |  11.8
        D:5 |     990 |       0 |   0.0 |      23 |       0 |   0.0
        D:6 |    1210 |       0 |   0.0 |      25 |       0 |   0.0
        D:7 |    2915 |    1450 |  33.2 |      38 |       8 |  17.4
        D:8 |    2619 |    2559 |  49.4 |      41 |      14 |  25.5
            +---------+---------+-------+---------+---------+-------
